 Dungeon Crawl Stone Soup version 0.19-a0-965-g50bf062 (webtiles) character file.

5264 Magifyre the Fighter (level 10, 0/99 HPs)
             Began as a Gargoyle Berserker on July 12, 2016.
             Was an Elder of Trog.
             Slain by Erica
             ... wielding a +0 scimitar of flaming
              (1 damage)
             ... on level 8 of the Dungeon.
             The game lasted 00:36:09 (9375 turns).

Magifyre the Fighter (Gargoyle Berserker)           Turns: 9375, Time: 00:36:10

Health: 0/99       AC: 27    Str: 28    XL:     10   Next: 62%
Magic:  10/10      EV:  5    Int:  9    God:    Trog [****..]
Gold:   572        SH: 18    Dex: 12    Spells: 0 memorised, 9 levels left

rFire  . . .     SeeInvis .     a - +1 hand axe
rCold  + . .     Gourm    .     d - +0 plate armour
rNeg   + . .     Faith    .     p - +1 large shield
rPois  ∞         Spirit   .     E - +2 helmet of the Comet {rC+}
rElec  +         Dismiss  .     (no cloak)
rCorr  .         Reflect  .     g - +0 pair of gloves
SustAt +         Harm     +     e - +0 pair of boots
MR     +++..                    l - amulet of Zughy {Harm *Drain Dex+3}
Stlth  ..........               v - ring of sustain attributes
                                y - ring of protection from magic

@: berserking, regenerating, very quick, extremely resistant to hostile
enchantments, extremely unstealthy
A: negative energy resistance 1, electricity resistance, unbreathing,
petrification resistance, rot immunity, AC +7
a: Berserk, Trog's Hand, Brothers in Arms, Burn Spellbooks, Renounce Religion


You were on level 8 of the Dungeon.
You worshipped Trog.
Trog was greatly pleased with you.
You were very hungry.

You visited 1 branch of the dungeon, and saw 8 of its levels.

You collected 572 gold pieces.

Inventory:

Hand Weapons
 a - a +1 hand axe (weapon)
Missiles
 s - 3 throwing nets (quivered)
Armour
 d - a +0 plate armour (worn)
 e - a +0 pair of boots (worn)
 g - a +0 pair of gloves (worn)
 p - a +1 large shield (worn)
 E - the +2 helmet of the Comet (worn) {rC+}
   (You found it on level 5 of the Dungeon)

   It protects you from cold.
Jewellery
 l - the amulet of Zughy (around neck) {Harm *Drain Dex+3}
   (You took it off a kobold on level 5 of the Dungeon)

   [amulet of harm]

   It increases damage dealt and taken.
   It affects your dexterity (+3).
   It causes draining when unequipped.
 v - a ring of sustain attributes (right hand)
 y - a ring of protection from magic (left hand)
Scrolls
 b - 3 scrolls of remove curse
 h - a scroll of fear
 k - a scroll of enchant armour
 n - 2 scrolls of magic mapping
 w - 3 scrolls of enchant weapon
 x - 2 scrolls of identify
Potions
 f - 2 potions of cure mutation
 i - 2 potions of lignification
 m - 5 potions of curing
 o - 2 potions of experience
 q - a potion of heal wounds
 t - 2 potions of agility
 z - a potion of ambrosia
 C - a potion of might {unknown}
 D - a potion of cancellation {unknown}
 G - a potion of berserk rage {unknown}
Comestibles
 c - 6 bread rations
 j - 6 meat rations
 r - 4 fruits
 u - 11 chunks of flesh
 F - a royal jelly
 J - a beef jerky


   Skills:
 + Level 9.3 Fighting
 + Level 7.6 Axes
 + Level 9.0 Armour
 - Level 1.5 Dodging
 + Level 8.0 Shields


You had 9 spell levels left.
You didn't know any spells.

Dungeon Overview and Level Annotations

Branches:
Dungeon (8/15)             Temple (0/1) D:4
   Lair: D:8-11

Altars:
Fedhas
Kikubaaqudgha
Makhleb
Nemelex Xobeh
Trog
Uskayaw
Xom
Yredelemnul
Zin

Shops:
D:6 =

Annotations:
D:7 1 runed door
D:8 Erica


Innate Abilities, Weirdness & Mutations

You are resistant to torment.
Your stone body is resilient. (AC +7)
You are immune to poison.
You resist negative energy. (rN+)
You are resistant to electric shocks. (rElec)
You can survive without breathing.
You are immune to petrification.
You are immune to rotting.


Message History

A red film seems to cover your vision as you go berserk!
You feel yourself moving faster!
You feel mighty!
You are feeling very hungry.
You hear some strange, mumbled words.
A bolt of poison appears from out of thin air!
The bolt of poison hits you! You resist.
You miss something.
You hear some strange, mumbled words.
A bolt of poison appears from out of thin air!
The bolt of poison hits you! You resist.
You closely miss something. You closely miss something.
Something hits you but does no damage.
You closely miss something.
Your shield and plate armour prevent you from hitting something.
Something hits you but does no damage.
Your plate armour prevents you from hitting something.
Something hits you!
* * * LOW HITPOINT WARNING * * *
Something burns you.
You die...

#.###########
#...........#
#.#########.# #.#
#.# ## #.# #÷# #.
###### #.# #.# #.
#....# #(# #.###.
#....###)# #...'.
#....{@†)# #####.
#....##### #.
#....### #.
###......# ##
..........#
###.......########
....>.............
..................
..
##........########
#.


There were no monsters in sight!

Vanquished Creatures
  Pikel (D:7)
  Joseph (D:7)
  Prince Ribbit (D:8)
  Grinder (D:3)
  A hippogriff (D:7)
  Sigmund (D:4)
  Duvessa (D:6)
  2 orc warriors
  5 ogres
  A necrophage (D:8)
  3 centaurs
  2 big kobolds
  2 giant frogs (D:7)
  2 gnoll sergeants (D:6)
  A wyvern zombie (D:6)
  Dowan (D:6)
  5 scorpions
  5 killer bees
  4 howler monkeys
  3 crimson imps
  8 hounds
  3 orc priests
  A centaur skeleton (D:6)
  2 gnoll shamans (D:6)
  Natasha (thrice) (D:4)
  An iguana (D:4)
  3 orc wizards
  16 worker ants
  6 adders
  26 gnolls
  A howler monkey skeleton (D:4)
  A shadow imp (D:5)
  3 oozes
  An adder zombie (D:8)
  An adder skeleton (D:6)
  4 worms
  2 dart slugs
  5 giant geckos
  18 orcs
  5 bats
  7 giant cockroaches
  2 gnoll zombies (D:3)
  4 goblins
  16 hobgoblins
  8 jackals
  35 kobolds
  8 quokkas
  2 ball pythons (D:2)
  5 giant newts
  A jackal skeleton (D:4)
  5 rats
  3 plants
249 creatures vanquished.

Vanquished Creatures (others)
  A slave (D:7)
1 creature vanquished.

Grand Total: 250 creatures vanquished

Notes
Turn   | Place    | Note
-------+----------+-------------------------------------------
     0 | D:1      | Magifyre the Gargoyle Berserker began the quest for the Orb.
     0 | D:1      | Reached XP level 1. HP: 14/14 MP: 1/1
   319 | D:1      | Reached XP level 2. HP: 19/19 MP: 2/2
   745 | D:2      | Reached XP level 3. HP: 23/23 MP: 3/3
   926 | D:2      | Reached ** piety under Trog
   985 | D:2      | Reached XP level 4. HP: 18/29 MP: 4/4
  1618 | D:2      | Reached XP level 5. HP: 30/34 MP: 5/5
  1706 | D:3      | Found a faded altar of an unknown god.
  1969 | D:3      | Reached skill level 1 in Shields
  2484 | D:3      | Found a basalt altar of Yredelemnul.
  2639 | D:3      | Noticed Grinder
  2656 | D:3      | Paralysed by Grinder for 5 turns
  2681 | D:3      | Killed Grinder
  2681 | D:3      | Reached skill level 5 in Fighting
  2681 | D:3      | Reached XP level 6. HP: 40/40 MP: 6/6
  2747 | D:4      | Reached XP level 7. HP: 27/44 MP: 7/7
  3283 | D:4      | Found a staircase to the Ecumenical Temple.
  3412 | D:4      | Noticed Sigmund
  3417 | D:4      | Killed Sigmund
  3417 | D:4      | Reached skill level 5 in Armour
  3590 | D:4      | Noticed Natasha
  3605 | D:4      | Killed Natasha
  3637 | D:4      | Found a sparkling altar of Nemelex Xobeh.
  3659 | D:4      | Reached XP level 8. HP: 50/51 MP: 8/8
  3665 | D:4      | Found a shimmering altar of Xom.
  3666 | D:4      | Found a bloodstained altar of Trog.
  3666 | D:4      | Found a blossoming altar of Fedhas.
  3669 | D:4      | Found a glowing silver altar of Zin.
  3674 | D:4      | Found an ancient bone altar of Kikubaaqudgha.
  3719 | D:4      | Reached skill level 5 in Axes
  3944 | D:4      | Noticed Natasha
  3954 | D:4      | Killed Natasha
  4081 | D:4      | Noticed Natasha
  4093 | D:4      | Killed Natasha
  4272 | D:5      | Entered Level 5 of the Dungeon
  4636 | D:5      | Got a scorched helmet
  4647 | D:5      | Identified the +2 helmet of the Comet {rC+} (You found it on level 5 of the Dungeon)
  4849 | D:5      | Reached *** piety under Trog
  4878 | D:5      | Got a crude ruby amulet
  4890 | D:5      | Identified the amulet of Zughy {Harm *Drain Dex+3} (You took it off a kobold on level 5 of the Dungeon)
  5382 | D:5      | Reached skill level 5 in Shields
  6259 | D:6      | Noticed Duvessa
  6271 | D:6      | Killed Duvessa
  6271 | D:6      | Reached XP level 9. HP: 57/57 MP: 9/9
  6295 | D:6      | Noticed Dowan
  6319 | D:6      | Killed Dowan
  6969 | D:6      | Reached **** piety under Trog
  7059 | D:6      | Found Adepuyhy's Jewellery Emporium.
  7244 | D:6      | Found a burning altar of Makhleb.
  7350 | D:7      | Got a jewelled ring mail
  7365 | D:7      | Identified the +0 ring mail "Miufocyuku" {Str+4} (You found it on level 7 of the Dungeon)
  7433 | D:7      | Found a hide-covered altar of Uskayaw.
  7687 | D:7      | Noticed Joseph
  7698 | D:7      | Killed Joseph
  7774 | D:7      | Got a brightly glowing long sword
  7775 | D:7      | Identified the +4 long sword of Diesi {freeze, rElec rN+ Int+2 Dex-4} (You found it on level 7 of the Dungeon)
  7947 | D:7      | Noticed Pikel
  7955 | D:7      | Reached XP level 10. HP: 42/64 MP: 10/10
  7961 | D:7      | Killed Pikel
  8289 | D:7      | Found a runed door.
  8301 | D:7      | Found a runed door.
  8905 | D:8      | Noticed Prince Ribbit
  8940 | D:8      | Killed Prince Ribbit
  9334 | D:8      | Noticed Erica
  9375 | D:8      | HP: 1/99 [something (20)]
  9375 | D:8      | Slain by Erica

Vault maps used:
D:1:      mushboom_english_gardens
D:2:      grunt_ministairs_1, serial_park_tiny_1
D:3:      lemuel_zombie_altar_yredelemnul, ecumenical_altar_1, uniq_grinder
D:4:      minitemple, first_bread, hangedman_decor_clover_reticule,
          uniq_natasha, uniq_sigmund
D:5:      kennysheep_kobold_camp
D:6:      kennysheep_housing_project, nicolae_overflow_hidden_temple,
          serial_shops, nicolae_shop_window_shopping, gup_sewer_entry_pipe,
          uniq_duvessa
D:7:      lemuel_insect_pit, eat_drink_and_be_merry_uskayaw, uniq_joseph,
          uniq_pikel
D:8:      uniq_erica, uniq_prince_ribbit1

Skill      XL: |  1  2  3  4  5  6  7  8  9 10 |
---------------+-------------------------------+-----
Axes           | 3 4 5 6 7 |  7.6
Fighting       | 4 5 7 8 9 |  9.3
Armour         | 3 4 5 6 7 9 |  9.0
Shields        | 2 4 5 7 8 |  8.0
Dodging        | |  1.5

Action                   |  1- 3 |  4- 6 |  7- 9 | 10-12 || total
-------------------------+-------+-------+-------+-------++-------
Melee: Hand axe          |   129 |   249 |   815 |   325 ||  1518
Invok: Trog's Hand       |       |     6 |    13 |     6 ||    25
       Berserk           |       |       |     3 |     3 ||     6
       Burn Spellbooks   |       |       |       |     1 ||     1
  Use: Scroll            |       |     8 |     8 |     6 ||    22
  Eat: Chunk             |       |     7 |    21 |     9 ||    37
       Royal jelly       |       |       |     1 |       ||     1
       Beef jerky        |       |       |     1 |       ||     1
       Fruit             |       |       |     2 |       ||     2
       Pizza             |       |       |     1 |       ||     1
Armor: Animal skin       |     4 |       |       |       ||     4
       Chain mail        |    22 |       |       |       ||    22
       Skin              |     1 |       |     1 |       ||     2
       Plate armour      |    68 |   168 |   397 |   105 ||   738
Dodge: Dodged            |    51 |    16 |    67 |    26 ||   160
Block: Large shield      |       |   169 |   635 |   221 ||  1025
